 Dungeon Crawl Stone Soup version 0.22-a0-455-ga0624bf (webtiles) character file.

199604 suicidejoker the Unseen (level 18, -1/120 HPs)
             Began as a Gargoyle Fighter on June 5, 2018.
             Was an Initiate of Gozag.
             Killed from afar by a nagaraja (6 damage)
             ... with a poison arrow
             ... on level 4 of the Snake Pit on June 6, 2018.
             The game lasted 02:16:33 (30698 turns).

suicidejoker the Unseen (Gargoyle Fighter)         Turns: 30698, Time: 02:16:34

Health: -1/120     AC: 35    Str: 34    XL:     18   Next: 93%
Magic:  27/27      EV: 16    Int: 15    God:    Gozag
Gold:   4169       SH: 17    Dex: 20    Spells: 19/26 levels left

rFire    + + .     SeeInvis +   a - +4 double sword (freeze)
rCold    + + .     Gourm    .   y - +2 shield {AC+3}
rNeg     + + .     Faith    .   I - +5 ring mail of Intercession {rN+ Regen+ Str+5}
rPois    ∞         Spirit   .   x - +1 hat of Classification {Stlth+}
rElec    +         Reflect  .   F - scarf {rC+ rF+}
rCorr    .         Harm     .   d - +2 pair of gloves
MR       +....                  (no boots)
Stlth    ++++++++..             g - amulet of regeneration
HPRegen  1.10/turn              h - ring of protection from cold
MPRegen  0.20/turn              L - +3 ring of strength

@: mighty, brilliant, agile, gold aura, berserk cooldown, hasted and slowed,
constricted
A: big wings, yellow scales 1, see invisible, fire resistance 1, high mp 1,
negative energy resistance 1, screaming 1, electricity resistance, unbreathing,
evolution 1, petrification resistance, rot immunity, AC +13
a: Fly, Potion Petition, Call Merchant, Bribe Branch, Renounce Religion


You were on level 4 of the Snake Pit.
You worshipped Gozag.
Gozag was most pleased with you.
You were hungry.

You visited 5 branches of the dungeon, and saw 28 of its levels.
You visited the Abyss 1 time.
You also visited: Labyrinth and Sewer.

You collected 11204 gold pieces.
You spent 2997 gold pieces at shops.
You paid 4038 gold pieces to Gozag.

Inventory:

Hand Weapons
 a - a +4 double sword of freezing (weapon)
 b - the +7 Spriggan's Knife {MR+ EV+4 Dex+4 Stlth+}
   (You found it in a labyrinth)

   It affects your evasion (+4).
   It affects your dexterity (+4).
   It affects your resistance to hostile enchantments.
   It makes you more stealthy.
 w - a +7 shortbow of flaming
 W - the +7 short sword "Widowermaker" {pierce, rF+ SInv}
   (You found it on level 9 of the Dungeon)

   It inflicts extra damage upon your enemies.
   It protects you from fire.
   It lets you see invisible.
Missiles
 k - 421 bolts
 m - 189 sling bullets
 u - 6 javelins
 C - 17 poisoned javelins
 D - 35 tomahawks (quivered)
 J - 458 arrows
Armour
 d - a +2 pair of gloves (worn)
 x - the +1 hat of Classification (worn) {Stlth+}
   (You found it on level 1 of the Orcish Mines)

   It makes you more stealthy.
 y - a +2 shield of protection (worn)
 F - a scarf of resistance (worn)
 I - the +5 ring mail of Intercession (worn) {rN+ Regen+ Str+5}
   (You bought it in a shop on level 2 of the Orcish Mines)

   It affects your strength (+5).
   It protects you from negative energy.
   It increases your rate of regeneration.
 O - a +3 scale mail of cold resistance
 T - the +1 hat "Xamos" {rF+ Int+4 Dex+2}
   (You found it on level 1 of the Orcish Mines)

   It affects your intelligence (+4).
   It affects your dexterity (+2).
   It protects you from fire.
Jewellery
 g - an amulet of regeneration (around neck)
 h - a ring of protection from cold (left hand)
 i - an uncursed ring of protection from fire
 H - an uncursed ring of magical power
 L - a +3 ring of strength (right hand)
 V - an uncursed ring of positive energy
Wands
 c - a wand of disintegration (14)
 p - a wand of flame (46)
 r - a wand of iceblast (3)
 K - a wand of clouds (13)
 M - a wand of random effects (41)
 N - a wand of polymorph (36)
 Q - a wand of digging (2)
 R - a wand of enslavement (43)
 S - a wand of acid (2)
Scrolls
 e - 9 scrolls of amnesia
 l - 11 scrolls of remove curse
 s - 4 scrolls of immolation
 t - a scroll of fear
 B - 14 scrolls of teleportation
 G - 3 scrolls of identify
 U - 3 scrolls of blinking
Potions
 n - 10 potions of curing
 o - 4 potions of invisibility
 q - 2 potions of haste
 v - 2 potions of might
 z - 8 potions of lignification
 A - a potion of heal wounds
 E - 3 potions of agility
 P - 2 potions of brilliance
 X - 2 potions of ambrosia
Miscellaneous
 j - a phial of floods
Comestibles
 f - 32 rations


   Skills:
 * Level 15.6 Fighting
 * Level 10.6(10.8) Short Blades
 - Level 3.1(7.5) Long Blades
   Level 7.3 Polearms
 - Level 5.2 Bows
 + Level 11.7 Armour
 + Level 4.2 Dodging
 * Level 16.4 Stealth
 + Level 11.7 Shields
 + Level 4.5 Spellcasting
 + Level 5.3 Conjurations
 + Level 4.0 Hexes
 + Level 4.0 Translocations
 + Level 4.7 Ice Magic
 + Level 4.3 Air Magic
 + Level 4.8 Poison Magic
 + Level 7.5 Evocations


You had 19 spell levels left.
You knew the following spells:

 Your Spells              Type           Power        Failure   Level  Hunger
a - Mephitic Cloud        Conj/Pois/Air  ####....     1%          3    ###....
b - Ensorcelled Hibernat  Hex/Ice        ####..       1%          2    ##.....
c - Blink                 Tloc           N/A          1%          2    ##.....

Your spell library contained the following spells:

 Spells                   Type           Power        Failure   Level  Hunger
 Cause Fear               Hex            ###.......   8%          4    ####...
 Magic Dart               Conj           ####         1%          1    None
 Conjure Flame            Conj/Fire      ###.....     4%          3    ###....
 Lightning Bolt           Conj/Air       ####......   13%         5    ######.
 Slow                     Hex            ###.....     1%          2    ##.....
 Confuse                  Hex            ###.....     2%          3    ###....
 Animate Dead             Necr           N/A          30%         4    ####...
 Pain                     Necr           ##..         4%          1    None
 Animate Skeleton         Necr           N/A          4%          1    None
 Vampiric Draining        Necr           ##........   11%         3    ###....
 Summon Ice Beast         Ice/Summ       ###.....     13%         4    ####...
 Call Imp                 Summ           ##......     6%          2    ##.....
 Regeneration             Chrm/Necr      ##........   11%         3    ###....
 Tukima's Dance           Hex            ###.....     2%          3    ###....
 Summon Demon             Summ           ##........   61%         5    ######.
 Shock                    Conj/Air       ####         1%          1    None
 Swiftness                Chrm/Air       ###.....     2%          2    ##.....
 Recall                   Summ/Tloc      N/A          4%          3    ###....
 Deflect Missiles         Chrm/Air       ###.......   83%         6    #######
 Airstrike                Air            ####......   6%          4    ####...
 Shadow Creatures         Summ           N/A          97%         6    #######
 Confusing Touch          Hex            ###...       1%          1    None
 Call Canine Familiar     Summ           ##......     11%         3    ###....
 Metabolic Englaciation   Hex/Ice        ####......   16%         5    ######.
 Summon Butterflies       Summ           ##......     4%          1    None
 Silence                  Hex/Air        ###.......   17%         5    ######.
 Static Discharge         Conj/Air       ####....     1%          3    ###....
 Corona                   Hex            ###....      1%          1    None
 Petrify                  Tmut/Erth      ##......     30%         4    ####...
 Summon Hydra             Summ           ##........   100%        7    #######
 Shroud of Golubria       Chrm/Tloc      ###.......   2%          2    ##.....
 Aura of Abjuration       Summ           ##........   61%         5    ######.
 Dazzling Spray           Conj/Hex       ####..       1%          3    ###....
 Infusion                 Chrm           ##..         4%          1    None
 Song of Slaying          Chrm           ##......     6%          2    ##.....
 Spectral Weapon          Hex/Chrm       ###.....     5%          3    ###....
 Discord                  Hex            ###.......   100%        8    #######
 Summon Forest            Summ/Tloc      ###.......   34%         5    ######.
 Summon Mana Viper        Hex/Summ       ###.....     36%         5    ######.
 Gell's Gravitas          Tloc           ###.......   2%          3    ###....
 Yara's Violent Unravell  Hex/Tmut       ###.......   36%         5    ######.


Dungeon Overview and Level Annotations

Branches:
Dungeon (15/15)            Temple (0/1) D:6            Lair (6/6) D:11
 Shoals (0/4) Lair:2        Snake (4/4) Lair:3        Slime (0/5) Lair:5
    Orc (2/2) D:10            Elf (1/3) Orc:2        Vaults (0/5) D:14
 Depths (0/5) D:15

Altars:
Ashenzari
Dithmenos
Gozag
Hepliaklqana
Kikubaaqudgha
Makhleb
Ru
Vehumet
Xom
Jiyva

Shops:
D:4 !*   D:7 =   D:9 !   Orc:2 ![(!   Snake:3 (


Innate Abilities, Weirdness & Mutations

You are resistant to torment.
Your stone body is resilient. (AC +13)
You are immune to poison.
Your large and strong wings let you fly indefinitely.
You resist negative energy. (rN+)
You are resistant to electric shocks. (rElec)
You can survive without breathing.
You are immune to petrification.
You are immune to rotting.
You are partially covered in yellow scales. (AC +2)
You have supernaturally acute eyesight. (SInv)
Your flesh is heat resistant. (rF+)
You have an increased reservoir of magic. (+10% MP)
You occasionally shout uncontrollably at your foes.
You evolve.


Message History

The naga ritualist is almost dead.
The naga ritualist hits you but does no damage.
The naga ritualist constricts you. The naga warrior closely misses you.
The naga spits poison at you. You block the splash of poison.
The naga sharpshooter shoots a bolt.
The bolt hits you.
* * * LOW HITPOINT WARNING * * *
You block the naga ritualist's attack.
* * * LOW HITPOINT WARNING * * *
The naga ritualist constricts you.
You hit the naga ritualist. You freeze the naga ritualist.
The naga ritualist is almost dead.
The naga warrior spits poison at you. The splash of poison misses you.
You block the naga's attack.
The naga warrior hits you from afar with a glaive!!
* * * LOW HITPOINT WARNING * * *
The nagaraja gestures at you while chanting.
The poison arrow hits you! You partially resist.
You die...
Your body crumbles into a pile of gold.

# ######
#.#....##
#.......##
.#####
#........#####
......
#....$........
......
#.(..$@..N....
......
#...NN$N.#####
######
#........#
#........#
#........#
#........#
##......N#
#.......#


You could see a naga warrior, a nagaraja, a naga sharpshooter, a naga ritualist
and a naga.

Vanquished Creatures
  Vashnia (Snake:4)
  A bone dragon (Abyss:2)
  A tentacled monstrosity (Abyss:3)
  Rupert (Lair:4)
  An acid blob (Lair:5)
  7 nagarajas
  Aizul (Snake:1)
  An entropy weaver (Lair:5)
  A minotaur (Lab)
  A merfolk impaler (Abyss:3)
  4 ogre magi (Orc:2)
  10 hydras
  19 naga warriors
  3 catoblepae (Lair:6)
  3 anacondas
  A death knight (D:15)
  A centaur warrior (D:13)
  22 two-headed ogres
  Erica (D:8)
  A queen ant (Lair:4)
  The ghost of hollowman the Magician, a novice GnSk of Okawaru (D:8)
  A vampire mage (D:15)
  7 death yaks
  7 naga sharpshooters
  5 shock serpents
  2 wretched stars (Abyss:2)
  A fire crab (Lair:6)
  A skeletal warrior (D:15)
  2 spatial maelstroms (Abyss:2)
  6 salamander mystics
  9 naga ritualists
  2 unseen horrors
  3 wizards
  3 deep elf magi
  3 necromancers
  2 orc knights
  Pikel (D:7)
  The ghost of cheezpleez the Poker, a novice HOFi of Ashenzari (D:5)
  13 mana vipers
  A wolf spider (Lair:5)
  11 salamanders
  6 ugly things
  9 elephants
  A worldbinder (Abyss:2)
  2 manticores
  5 cyclopes
  A stone giant zombie (D:15)
  7 guardian serpents
  38 black mambas
  14 naga magi
  A torpor snail (Lair:6)
  A smoke demon (Abyss:3)
  A gargoyle (D:13)
  11 spiny frogs
  A freezing wraith (D:15)
  2 rime drakes
  A guardian mummy (D:15)
  A komodo dragon (shapeshifter) (D:15)
  7 komodo dragons
  An ancient zyme (Abyss:2)
  A kobold demonologist (D:15)
  5 yaktaurs (D:15)
  9 starcursed masses (Abyss:2)
  11 trolls
  2 polar bears (D:9)
  3 meliai (D:14)
  A wind drake (shapeshifter) (D:15)
  6 blink frogs
  A spriggan zombie (D:15)
  6 dream sheep (Lair:6)
  10 hippogriffs
  Grinder (D:6)
  A snapping turtle (Lair:2)
  An ice dragon zombie (D:15)
  A fire dragon skeleton (D:15)
  3 flying skulls (Abyss:2)
  Sigmund (D:2)
  2 shadows
  A wyvern (D:9)
  Eustachio (D:6)
  40 yaks
  2 basilisks
  A hungry ghost (D:14)
  3 large abominations
  Grum (Lair:1)
  10 vampire mosquitoes
  Menkaure (D:6)
  A spatial vortex (Abyss:2)
  47 nagas
  14 soldier ants
  Duvessa (D:5)
  6 water moccasins
  A hornet zombie (D:9)
  6 porcupines
  20 orc warriors
  2 sky beasts
  2 black bears (D:11)
  A swamp drake (Orc:1)
  A necrophage (D:11)
  12 ice beasts
  26 ogres
  2 phantoms
  10 wolves
  3 centaurs
  15 crocodiles
  3 small abominations (Abyss:2)
  2 big kobolds
  A gnoll sergeant (D:10)
  26 bullfrogs
  A scorpion (D:7)
  Dowan (D:5)
  19 killer bees
  3 wights (D:9)
  3 electric eels
  2 crimson imps
  3 howler monkeys (D:12)
  4 lava snakes (Lab)
  4 centaur zombies
  22 orc priests
  6 hounds
  26 orc wizards
  6 bullfrog skeletons
  A bullfrog zombie (D:13)
  6 centaur skeletons
  2 iron imps
  9 jellies
  Jessica (D:3)
  7 iguanas
  Terence (D:2)
  18 worker ants
  A bullfrog simulacrum (D:9)
  A hound zombie (D:7)
  2 hound skeletons (D:6)
  A killer bee simulacrum (D:9)
  11 gnolls
  16 adders
  A howler monkey skeleton (D:6)
  3 shadow imps
  A howler monkey simulacrum (D:9)
  4 white imps
  6 oozes
  2 adder skeletons
  2 worms
  2 dart slugs (D:1)
  5 leopard geckos
  93 orcs
  3 ball pythons
  8 giant cockroaches
  9 goblins
  7 hobgoblins
  4 jackals
  22 kobolds
  2 quokkas
  6 bats
  7 frilled lizards
  2 leopard gecko zombies
  3 rats
969 creatures vanquished.

Vanquished Creatures (collateral kills)
  A slime creature (Lair:5)
  A naga mage (Snake:2)
  A worker ant (Lair:4)
3 creatures vanquished.

Vanquished Creatures (others)
  A manticore (Lair:6)
  A salamander (Snake:1)
  A hound (D:7)
  A white imp (Orc:1)
  28 fungi
  19 plants
51 creatures vanquished.

Grand Total: 1023 creatures vanquished

Notes
Turn   | Place    | Note
-------+----------+-------------------------------------------
     0 | D:1      | suicidejoker the Gargoyle Fighter began the quest for the Orb.
     0 | D:1      | Reached XP level 1. HP: 14/14 MP: 1/1
    91 | D:1      | Reached XP level 2. HP: 6/19 MP: 2/2
   284 | D:1      | Reached skill level 1 in Stealth
   472 | D:1      | Reached XP level 3. HP: 24/24 MP: 3/3
   747 | D:2      | Reached skill level 2 in Stealth
   747 | D:2      | Reached XP level 4. HP: 27/29 MP: 4/4
   799 | D:2      | Noticed Terence
   812 | D:2      | Killed Terence
   824 | D:2      | Noticed Sigmund
   847 | D:2      | Killed Sigmund
   847 | D:2      | Reached skill level 3 in Stealth
   847 | D:2      | Reached XP level 5. HP: 31/34 MP: 5/5
   847 | D:2      | Reached XP level 6. HP: 36/40 MP: 6/6
   924 | D:2      | Noticed an orc warrior
  1245 | D:2      | Reached skill level 5 in Fighting
  1735 | D:3      | Killed an orc warrior
  1735 | D:3      | Reached skill level 4 in Stealth
  1735 | D:3      | Reached XP level 7. HP: 40/44 MP: 7/7
  1913 | D:3      | Noticed Jessica
  1919 | D:3      | Killed Jessica
  2397 | D:4      | Found Jennil's Distillery.
  2405 | D:4      | Bought a potion of lignification for 42 gold pieces
  2405 | D:4      | Bought a potion of heal wounds for 70 gold pieces
  2536 | D:4      | Found an opulent altar of Gozag.
  2587 | D:4      | Found Gozag's Platinum Reserve.
  2621 | D:4      | Became a worshipper of Gozag Ym Sagoz the Greedy
  2719 | D:4      | Found a glowing drain.
  2740 | Sewer    | Entered a sewer
  2825 | Sewer    | Reached skill level 1 in Polearms
  2825 | Sewer    | Reached skill level 5 in Stealth
  3456 | D:4      | You fall through a shaft for 3 floors!
  3477 | D:7      | Reached XP level 8. HP: 51/51 MP: 8/8
  3492 | D:7      | Noticed Pikel
  3664 | D:6      | Found a shattered altar of Ashenzari.
  3664 | D:6      | Found a shimmering altar of Xom.
  3664 | D:6      | Found a sacrificial altar of Ru.
  3664 | D:6      | Found a hazy altar of Hepliaklqana.
  3700 | D:6      | Reached skill level 5 in Armour
  3700 | D:6      | Reached skill level 5 in Shields
  3756 | D:7      | Reached skill level 6 in Stealth
  3904 | D:5      | Entered Level 5 of the Dungeon
  4374 | D:5      | Noticed cheezpleez's ghost (novice HOFi)
  4412 | D:5      | Killed cheezpleez's ghost
  4412 | D:5      | Reached skill level 7 in Stealth
  4412 | D:5      | Reached XP level 9. HP: 45/57 MP: 9/9
  4475 | D:5      | Noticed Dowan
  4481 | D:5      | Noticed Duvessa
  4492 | D:5      | Killed Dowan
  4504 | D:5      | Killed Duvessa
  5082 | D:6      | Noticed Menkaure
  5085 | D:6      | Noticed Eustachio
  5092 | D:6      | Killed Menkaure
  5105 | D:6      | Killed Eustachio
  5256 | D:6      | Reached skill level 8 in Stealth
  5440 | D:6      | Noticed Grinder
  5450 | D:6      | Killed Grinder
  5486 | D:6      | Found a staircase to the Ecumenical Temple.
  5579 | D:6      | Reached skill level 5 in Polearms
  5579 | D:6      | Reached XP level 10. HP: 53/65 MP: 10/10
  6179 | D:7      | Found Sitt's Jewellery Boutique.
  6292 | D:7      | Killed Pikel
  6383 | D:7      | Found an ancient bone altar of Kikubaaqudgha.
  6386 | D:7      | Found a radiant altar of Vehumet.
  6389 | D:7      | Found a shadowy altar of Dithmenos.
  6435 | D:8      | Noticed Erica
  6448 | D:8      | Killed Erica
  6448 | D:8      | Reached skill level 9 in Stealth
  6918 | D:8      | Noticed hollowman's ghost (novice GnSk)
  7162 | D:8      | Killed hollowman's ghost
  7395 | D:8      | Got a smelly leather armour
  7423 | D:8      | Identified the +1 leather armour of the Slug {Dex+3} (You found it on level 8 of the Dungeon)
  7813 | D:9      | Noticed a death yak
  7831 | D:9      | Reached XP level 11. HP: 72/72 MP: 11/11
  7849 | D:9      | Killed a death yak
  7849 | D:9      | Reached skill level 10 in Stealth
  7867 | D:9      | Reached skill level 10 in Fighting
  8149 | D:9      | Found Hetsigiu's Distillery.
  8162 | D:9      | Bought a potion of lignification for 42 gold pieces
  8162 | D:9      | Bought a potion of mutation for 112 gold pieces
  8162 | D:9      | Bought a potion of berserk rage for 70 gold pieces
  8162 | D:9      | Bought a potion of haste for 140 gold pieces
  8162 | D:9      | Bought a potion of mutation for 112 gold pieces
  8162 | D:9      | Bought a potion of curing for 42 gold pieces
  8162 | D:9      | Bought a potion of lignification for 42 gold pieces
  8543 | D:9      | Got a translucent short sword
  8544 | D:9      | Identified the +7 short sword "Widowermaker" {pierce, rF+ SInv} (You found it on level 9 of the Dungeon)
  8566 | D:10     | Entered Level 10 of the Dungeon
  8800 | D:10     | Reached skill level 1 in Short Blades
  8800 | D:10     | Noticed an orc knight
  8835 | D:10     | Killed an orc knight
  8838 | D:10     | Reached skill level 11 in Stealth
  8932 | D:10     | Reached skill level 1 in Evocations
  9148 | D:10     | Gained mutation: You are clumsy. (Dex -2) [potion of mutation]
  9148 | D:10     | Gained mutation: Scrolls take you a little longer to read. [potion of mutation]
  9148 | D:10     | Gained mutation: Your spells are a little harder to cast, but a little more powerful. [potion of mutation]
  9149 | D:10     | Lost mutation: Scrolls take you a little longer to read. [potion of mutation]
  9149 | D:10     | Lost mutation: You are clumsy. (Dex -2) [potion of mutation]
  9149 | D:10     | Lost mutation: Your spells are a little harder to cast, but a little more powerful. [potion of mutation]
  9149 | D:10     | Gained mutation: You have sharp toenails. [potion of mutation]
  9149 | D:10     | Gained mutation: Your muscles are strong. (Str +2) [potion of mutation]
  9149 | D:10     | Gained mutation: You are clumsy. (Dex -2) [potion of mutation]
  9149 | D:10     | Gained mutation: You have a pair of small horns on your head. [potion of mutation]
  9157 | D:10     | Noticed a two-headed ogre
  9164 | D:10     | Killed a two-headed ogre
  9689 | D:10     | Found a staircase to the Orcish Mines.
  9975 | D:11     | Noticed a two-headed ogre
  9980 | D:11     | Reached XP level 12. HP: 79/79 MP: 13/13
 10003 | D:11     | Killed a two-headed ogre
 10117 | D:11     | Found a staircase to the Lair.
 10117 | D:11     | Noticed a five-headed hydra
 10145 | D:11     | Killed a five-headed hydra
 10422 | D:11     | Noticed a two-headed ogre
 10428 | D:11     | Killed a two-headed ogre
 10726 | Lair:1   | Entered Level 1 of the Lair of Beasts
 10801 | D:12     | Found a labyrinth entrance.
 10815 | Lab      | Entered a labyrinth
 11219 | Lab      | Noticed a minotaur
 11239 | Lab      | Killed a minotaur
 11239 | Lab      | Reached skill level 12 in Stealth
 11246 | Lab      | Found the +7 Spriggan's Knife {MR+ EV+4 Dex+4 Stlth+}
 11893 | D:12     | Reached skill level 1 in Bows
 12432 | D:13     | Noticed a two-headed ogre
 12443 | D:13     | Noticed a centaur warrior
 12463 | D:13     | Killed a centaur warrior
 12463 | D:13     | Reached XP level 13. HP: 69/86 MP: 15/15
 12495 | D:13     | Reached skill level 5 in Short Blades
 14093 | D:14     | Reached skill level 13 in Stealth
 14198 | D:14     | Found a gate to the Vaults.
 14306 | D:15     | Entered Level 15 of the Dungeon
 14478 | D:15     | Found a staircase to the Depths.
 14691 | D:15     | Gained mutation: Your large and strong wings let you fly indefinitely. [Gargoyle growth]
 14691 | D:15     | Reached XP level 14. HP: 79/92 MP: 17/17
 15968 | Orc:1    | Entered Level 1 of the Orcish Mines
 16634 | Orc:1    | Got a brightly glowing hat
 16640 | Orc:1    | Identified the +1 hat of Classification {Stlth+} (You found it on level 1 of the Orcish Mines)
 16663 | Orc:1    | Got a pitted hat
 16674 | Orc:1    | Identified the +1 hat "Xamos" {rF+ Int+4 Dex+2} (You found it on level 1 of the Orcish Mines)
 16768 | Orc:1    | Reached skill level 10 in Shields
 17178 | Orc:2    | Entered Level 2 of the Orcish Mines
 17178 | Orc:2    | Found a staircase to the Elven Halls.
 17183 | Orc:2    | Reached skill level 5 in Evocations
 17693 | Orc:2    | Reached skill level 14 in Stealth
 17700 | Orc:2    | Reached skill level 10 in Armour
 17741 | Orc:2    | Reached skill level 5 in Bows
 17763 | Orc:2    | Reached XP level 15. HP: 71/100 MP: 19/19
 17809 | Orc:2    | Found Dyrranele's Armour Shoppe.
 17809 | Orc:2    | Found Derycemn's Distillery.
 17810 | Orc:2    | Found Zapuud's Distillery.
 17810 | Orc:2    | Found Alazuoq's Antique Weapon Shoppe.
 17817 | Orc:2    | Bought the +5 ring mail of Intercession {rN+ Regen+ Str+5} for 811 gold pieces
 17833 | Orc:2    | Bought a potion of mutation for 88 gold pieces
 17833 | Orc:2    | Bought a potion of mutation for 88 gold pieces
 17833 | Orc:2    | Bought a potion of might for 44 gold pieces
 17833 | Orc:2    | Bought a potion of experience for 550 gold pieces
 17833 | Orc:2    | Bought a potion of might for 44 gold pieces
 17833 | Orc:2    | Bought a potion of agility for 44 gold pieces
 17833 | Orc:2    | Bought a potion of might for 44 gold pieces
 17837 | Orc:2    | Bought a potion of ambrosia for 96 gold pieces
 17837 | Orc:2    | Bought a potion of curing for 36 gold pieces
 17837 | Orc:2    | Bought a potion of curing for 36 gold pieces
 17837 | Orc:2    | Bought a potion of lignification for 36 gold pieces
 17837 | Orc:2    | Bought 2 potions of lignification for 72 gold pieces
 17837 | Orc:2    | Bought a potion of lignification for 36 gold pieces
 17837 | Orc:2    | Bought a potion of agility for 48 gold pieces
 17837 | Orc:2    | Bought a potion of heal wounds for 60 gold pieces
 17837 | Orc:2    | Bought a potion of heal wounds for 60 gold pieces
 17837 | Orc:2    | Bought a potion of curing for 36 gold pieces
 17837 | Orc:2    | Bought a potion of mutation for 96 gold pieces
 17837 | Orc:2    | Lost mutation: You are clumsy. (Dex -2) [potion of mutation]
 17837 | Orc:2    | Lost mutation: You have a pair of small horns on your head. [potion of mutation]
 17837 | Orc:2    | Lost mutation: Your muscles are strong. (Str +2) [potion of mutation]
 17837 | Orc:2    | Gained mutation: You are partially covered in thin metallic scales. (AC +2) [potion of mutation]
 17837 | Orc:2    | Gained mutation: You evolve. [potion of mutation]
 17838 | Orc:2    | Lost mutation: You have sharp toenails. [potion of mutation]
 17838 | Orc:2    | Lost mutation: You evolve. [potion of mutation]
 17838 | Orc:2    | Lost mutation: You are partially covered in thin metallic scales. (AC +2) [potion of mutation]
 17838 | Orc:2    | Gained mutation: You tend to lose your temper in combat. [potion of mutation]
 17838 | Orc:2    | Lost mutation: You tend to lose your temper in combat. [potion of mutation]
 17839 | Orc:2    | Gained mutation: You evolve. [potion of mutation]
 17839 | Orc:2    | Gained mutation: You tend to lose your temper in combat. [potion of mutation]
 17839 | Orc:2    | Gained mutation: You are agile. (Dex +2) [potion of mutation]
 17839 | Orc:2    | Gained mutation: You are partially covered in yellow scales. (AC +2) [potion of mutation]
 17840 | Orc:2    | Lost mutation: You tend to lose your temper in combat. [potion of mutation]
 17840 | Orc:2    | Lost mutation: You evolve. [potion of mutation]
 17840 | Orc:2    | Gained mutation: Armour fits poorly on your strangely shaped body. [potion of mutation]
 17840 | Orc:2    | Gained mutation: You have a somewhat thin skeletal structure. (Dex +2, Stealth) [potion of mutation]
 17840 | Orc:2    | Gained mutation: Your spells are a little harder to cast, but a little more powerful. [potion of mutation]
 17840 | Orc:2    | Gained mutation: You have an increased reservoir of magic. (+10% MP) [potion of mutation]
 17841 | Orc:2    | Lost mutation: Armour fits poorly on your strangely shaped body. [potion of mutation]
 17841 | Orc:2    | Lost mutation: You have a somewhat thin skeletal structure. (Dex +2, Stealth) [potion of mutation]
 17841 | Orc:2    | Lost mutation: You are agile. (Dex +2) [potion of mutation]
 17841 | Orc:2    | Lost mutation: Your spells are a little harder to cast, but a little more powerful. [potion of mutation]
 17841 | Orc:2    | Gained mutation: Armour fits poorly on your strangely shaped body. [potion of mutation]
 17841 | Orc:2    | Gained mutation: You evolve. [potion of mutation]
 17841 | Orc:2    | Gained mutation: You have a somewhat thin skeletal structure. (Dex +2, Stealth) [potion of mutation]
 17846 | Orc:2    | Learned a level 3 spell: Mephitic Cloud
 17846 | Orc:2    | Reached skill level 1 in Dodging
 17846 | Orc:2    | Reached skill level 1 in Spellcasting
 17846 | Orc:2    | Reached skill level 1 in Conjurations
 17846 | Orc:2    | Reached skill level 1 in Air Magic
 17846 | Orc:2    | Reached skill level 1 in Poison Magic
 17846 | Orc:2    | Reached XP level 16. HP: 106/106 MP: 20/22
 18024 | Elf:1    | Entered Level 1 of the Elven Halls
 18241 | Lair:1   | Noticed Grum
 18248 | Lair:1   | Killed Grum
 19607 | Lair:2   | Found a staircase to the Shoals.
 19817 | Lair:3   | Gained mutation: Your flesh is heat resistant. (rF+) [evolution]
 19949 | Lair:3   | Lost mutation: You have a somewhat thin skeletal structure. (Dex +2, Stealth) [potion of mutation]
 19949 | Lair:3   | Lost mutation: Armour fits poorly on your strangely shaped body. [potion of mutation]
 19949 | Lair:3   | Gained mutation: You possess an exceptional clarity of mind. [potion of mutation]
 19951 | Lair:3   | Found a staircase to the Snake Pit.
 20533 | Lair:3   | Learned a level 2 spell: Ensorcelled Hibernation
 20536 | Lair:3   | Learned a level 2 spell: Blink
 21128 | Lair:4   | Noticed Rupert
 21188 | Lair:4   | Killed Rupert
 21284 | Lair:4   | Reached skill level 1 in Hexes
 21814 | Lair:4   | Reached skill level 15 in Stealth
 21814 | Lair:4   | Reached skill level 1 in Ice Magic
 22191 | Lair:5   | Reached skill level 1 in Translocations
 22643 | Lair:5   | Found a runed door.
 22643 | Lair:5   | Found a viscous altar of Jiyva.
 22643 | Lair:5   | Found a staircase to the Slime Pits.
 22643 | Lair:5   | Noticed an acid blob
 22669 | Lair:5   | Killed an acid blob
 23221 | Lair:6   | Entered Level 6 of the Lair of Beasts
 23711 | Lair:6   | Found a burning altar of Makhleb.
 23763 | Lair:6   | Gained mutation: You have supernaturally acute eyesight. (SInv) [evolution]
 24255 | Lair:6   | Reached XP level 17. HP: 112/112 MP: 24/24
 24885 | Snake:1  | Entered Level 1 of the Snake Pit
 25764 | Snake:1  | Noticed Aizul
 25834 | Snake:1  | Killed Aizul
 26255 | Snake:1  | Lost mutation: You possess an exceptional clarity of mind. [evolution]
 27645 | Snake:3  | Reached skill level 15 in Fighting
 28108 | Snake:3  | Reached skill level 10 in Short Blades
 28377 | Snake:3  | Identified the cursed +0 ring mail of the Good {*Slow rN+++ Dex-2 SInv} (You found it on level 3 of the Snake Pit)
 28472 | Snake:3  | Found Vealax's Antique Weapon Shop.
 28594 | Snake:4  | Entered Level 4 of the Snake Pit
 28815 | Snake:4  | Gained mutation: You occasionally shout uncontrollably at your foes. [evolution]
 28825 | Snake:4  | Reached XP level 18. HP: 119/119 MP: 25/25
 29215 | Snake:3  | Reached skill level 16 in Stealth
 29235 | Snake:4  | Noticed Vashnia
 29997 | Snake:4  | Killed Vashnia
 30134 | Snake:4  | Reached skill level 5 in Conjurations
 30193 | Snake:4  | Cast into level 2 of the Abyss (salamander mystic)
 30460 | Abyss:2  | Noticed a bone dragon
 30489 | Abyss:2  | Killed a bone dragon
 30655 | Abyss:3  | Noticed a tentacled monstrosity
 30668 | Abyss:3  | Killed a tentacled monstrosity
 30685 | Snake:4  | Escaped the Abyss
 30698 | Snake:4  | HP: 5/120 [naga warrior/glaive (21)]
 30698 | Snake:4  | Killed from afar by a nagaraja

Vault maps used:
D:1:      lightli_arrival_statuegarden, minmay_misc_feat_room,
          minmay_heptomino_l4
D:2:      kennysheep_another_room, uniq_terence, uniq_sigmund
D:3:      first_ration, kennysheep_generic_room_6, uniq_jessica
D:4:      portal_sewer_entry_f, serial_shops, nicolae_shop_crystal, hex_tiny,
          st_stairs_6, nicolae_gozag_zags_fifth_avenue
D:5:      uniq_duvessa
D:6:      nicolae_overflow_hidden_temple, temple_hall, uniq_grinder,
          uniq_eustachio, uniq_menkaure
D:7:      grunt_temple_overflow_diamond, serial_shops, nicolae_shop_stone,
          uniq_pikel
D:8:      uniq_erica
D:9:      serial_ice, serial_ice_n, serial_ice_a, serial_ice_c, serial_ice_h,
          serial_ice_o, serial_ice_m, serial_shops, kennysheep_little_box,
          hangedman_little_slice_of_home, serial_bayou_crossing
D:10:     erik_orc_2, minivault_23
D:11:     due_lair_maze_entry_diamond
D:12:     lab_entry_generic
D:14:     david_vaults_1, kennysheep_pointless_box
D:15:     gammafunk_depths_entry_grave
Lair:1:   lemuel_fruit_tree, uniq_grum
Lair:2:   minmay_shoals_entry_hut, st_stairs_5
Lair:3:   dummy_snake_entry, nicolae_lair_grove_arrangements
Lair:4:   beast_lair_carwin_1, uniq_rupert
Lair:5:   minmay_lair_venomous_thicket, slime_altar_2, minmay_another_anthill
Lair:6:   evilmike_catoblepas_cave, basic_altar
Snake:1:  uniq_aizul
Snake:3:  serial_shops, nicolae_shop_crystal, nrook_guardian_serpent_ordinary
Snake:4:  johnstein_snake_rune_scales
Orc:1:    nicolae_orc_lava_tube, hangedman_minor_magic
Orc:2:    st_orc_ogre_mass
Elf:1:    minmay_elf_arrival_summoners, portal_desolation_entry_ruin,
          serial_shops, nicolae_shop_waterfront, hangedman_elf_disciples
Abyss:2:  evilmike_abyss_exit_15, minivault_26
Abyss:3:  bh_abyss_exit_spiral, dshaligram_kb_abyss_rune_zappy_water_cross,
          evilmike_abyss_exit_vortex
Lab:      labyrinth_mini_lab, lab_statue, nicolae_lab_very_dead_end,
          labyrinth_skeletal_remains, labyrinth_lava_lair
Sewer:    sewer_the_crocodile

Skill      XL: |  1  2  3  4  5  6  7  8  9 10 11 12 13 14 15 16 17 18 |
---------------+-------------------------------------------------------+-----
Stealth        | 1 2 3 4 5 7 8 9 11 12 13 14 15 16 | 16.4
Long Blades    | 2 3 |  3.1
Fighting       | 4 5 6 7 8 9 10 12 13 14 15 | 15.6
Armour         | 4 5 6 7 8 9 10 11 | 11.7
Shields        | 4 5 6 7 8 9 10 11 | 11.7
Polearms       | 1 3 5 6 7 |  7.3
Short Blades   | 2 4 6 8 9 10 | 10.6
Evocations     | 1 3 4 5 6 7 |  7.5
Bows           | 1 3 5 |  5.2
Dodging        | 1 2 3 4 |  4.2
Spellcasting   | 1 2 3 4 |  4.5
Conjurations   | 1 3 4 5 |  5.3
Air Magic      | 1 2 3 4 |  4.3
Poison Magic   | 1 3 4 |  4.8
Hexes          | 1 3 4 |  4.0
Ice Magic      | 2 3 4 |  4.7
Translocations | 1 3 4 |  4.0

Action                   |  1- 3 |  4- 6 |  7- 9 | 10-12 | 13-15 | 16-18 || total
-------------------------+-------+-------+-------+-------+-------+-------++-------
Melee: Long sword        |    84 |   148 |   127 |       |       |       ||   359
       Spear             |       |       |   465 |   661 |       |       ||  1126
       Short sword       |       |       |       |   393 |       |       ||   393
       Kick              |       |       |       |   157 |   498 |       ||   655
       Headbutt          |       |       |       |    94 |   328 |       ||   422
       Knife             |       |       |       |   147 |   990 |  2162 ||  3299
       Double sword      |       |       |       |       |       |   778 ||   778
Throw: Throwing net      |       |       |       |     1 |       |       ||     1
       Stone             |       |       |       |       |     7 |    25 ||    32
       Tomahawk          |       |       |       |       |       |     7 ||     7
       Javelin           |       |       |       |       |       |     1 ||     1
Invok: Potion Petition   |       |       |       |       |       |    10 ||    10
 Abil: Fly               |       |       |       |       |     1 |       ||     1
       Stop Flying       |       |       |       |       |     1 |       ||     1
Evoke: Wand              |       |       |       |     4 |    27 |    60 ||    91
       Phial of floods   |       |       |       |       |       |     1 ||     1
  Use: Potion            |       |     5 |     1 |     8 |     7 |    17 ||    38
       Scroll            |       |       |    15 |    17 |     1 |    24 ||    57
 Stab: Distracted        |       |       |     1 |     9 |    12 |    25 ||    47
       Invisible         |       |       |       |    10 |       |     1 ||    11
       Paralysed         |       |       |       |     4 |     1 |     1 ||     6
       Sleeping          |       |       |       |     2 |     5 |    65 ||    72
       Held in net/web   |       |       |       |     1 |       |       ||     1
       Confused          |       |       |       |       |     1 |       ||     1
  Eat: Chunk             |       |     3 |     2 |       |       |       ||     5
       Ration            |       |       |     3 |     7 |     6 |    13 ||    29
Armor: Scale mail        |    62 |    84 |       |       |       |       ||   146
       Plate armour      |       |       |   307 |   570 |   377 |       ||  1254
       Ring mail         |       |       |       |       |       |  1242 ||  1242
Dodge: Dodged            |    32 |    38 |    77 |   186 |   269 |  1380 ||  1982
Block: Shield            |    59 |    75 |   247 |   263 |       |   601 ||  1245
       Buckler           |       |       |       |   139 |   238 |   935 ||  1312
       Rpst.: Long sword |    14 |    10 |     4 |       |       |       ||    28
       Double sword      |       |       |       |       |       |    78 ||    78

Table legend:
 A = Spawn XP
 B = Non-spawn XP
 C = Spawn XP percentage of total XP
 D = Spawn monster count
 E = Non-spawn monster count
 F = Spawn count percentage of total count
 G = Total turns spent on level
                    A         B        C        D         E        F      G
               +---------+---------+-------+---------+---------+-------+---------
         Total |   13950 |  254655 |   5.2 |      20 |     954 |   2.1 | 30698
               +---------+---------+-------+---------+---------+-------+---------
           D:1 |       0 |      36 |   0.0 |       0 |      20 |   0.0 |   682
           D:2 |       0 |     446 |   0.0 |       0 |      32 |   0.0 |   841
           D:3 |       0 |     399 |   0.0 |       0 |      37 |   0.0 |   860
           D:4 |       0 |     112 |   0.0 |       0 |      14 |   0.0 |  1195
           D:5 |       0 |    1254 |   0.0 |       0 |      22 |   0.0 |   832
           D:6 |       0 |    2297 |   0.0 |       0 |      37 |   0.0 |  1241
           D:7 |       0 |     869 |   0.0 |       0 |       9 |   0.0 |   481
           D:8 |       0 |    2094 |   0.0 |       0 |       9 |   0.0 |  1164
           D:9 |       0 |    6798 |   0.0 |       0 |      50 |   0.0 |  1115
          D:10 |       0 |    4085 |   0.0 |       0 |      50 |   0.0 |  1502
          D:11 |       0 |    6781 |   0.0 |       0 |      46 |   0.0 |   922
          D:12 |       0 |    2630 |   0.0 |       0 |      17 |   0.0 |   911
          D:13 |       0 |    6055 |   0.0 |       0 |      41 |   0.0 |  1108
          D:14 |       0 |   12450 |   0.0 |       0 |      41 |   0.0 |  1076
          D:15 |       0 |   15614 |   0.0 |       0 |      42 |   0.0 |  1518
        Lair:1 |       0 |    1966 |   0.0 |       0 |       8 |   0.0 |   689
        Lair:2 |       0 |    4817 |   0.0 |       0 |      18 |   0.0 |   922
        Lair:3 |       0 |    1734 |   0.0 |       0 |      13 |   0.0 |   961
        Lair:4 |       0 |   13222 |   0.0 |       0 |      43 |   0.0 |  1097
        Lair:5 |       0 |   12151 |   0.0 |       0 |      39 |   0.0 |  1461
        Lair:6 |       0 |   19835 |   0.0 |       0 |      52 |   0.0 |  1596
       Snake:1 |       0 |   26497 |   0.0 |       0 |      49 |   0.0 |  1694
       Snake:2 |       0 |    9843 |   0.0 |       0 |      21 |   0.0 |  1000
       Snake:3 |       0 |   24338 |   0.0 |       0 |      42 |   0.0 |  1342
       Snake:4 |       0 |   47849 |   0.0 |       0 |      76 |   0.0 |  1285
         Orc:1 |       0 |    4842 |   0.0 |       0 |      51 |   0.0 |  1338
         Orc:2 |       0 |   21268 |   0.0 |       0 |      54 |   0.0 |   724
       Abyss:2 |   10021 |    1693 |  85.5 |      17 |       9 |  65.4 |   430
       Abyss:3 |    3929 |    1128 |  77.7 |       3 |       1 |  75.0 |    62
           Lab |       0 |    1436 |   0.0 |       0 |       5 |   0.0 |   492
         Sewer |       0 |     116 |   0.0 |       0 |       6 |   0.0 |   155
               +---------+---------+-------+---------+---------+-------+---------
